AoeStats
← hilsonyip

Black Forest

510525820Analyzed
4v4 RM · 18h ago on Oct 1, 2026· 35m 24s· 8 players
Game mode
Random Map
Map size
Large (8 player)
Population
200
Speed
Normal
Resources
Standard
Victory
Conquest
Starting age
Dark Age
Ending age
Imperial Age
RankedLock teamsTeams togetherTeam positionsShared explorationLock speedFull tech treeHidden civsTurbo modeCheats
Victory
Defeat
🇨🇳 Vikings · China
975
+14
🇦🇷 Mongols · Argentina
971
+14
🇪🇸 Varangians · Spain
926
+15
🇹🇷 Persians · Türkiye
906
+16
🇺🇸 Persians · United States
928
-15
🇨🇳 Saxons · China
928
-15
🇨🇳 Khmer · China
923
-15
🇨🇳 Spanish · China
909
-24
天地银行行长
5:59 Loom
14:45 Feudal Age
15:56 Double-Bit Axe
15:53 Horse Collar
15:50 Man-at-Arms
17:37 Gold Mining
Kris
13:26 Feudal Age
18:44 Castle Age
16:43 Horse Collar
17:18 Double-Bit Axe
17:38 Stone Mining
28:02 Gold Mining
28:53 Wheelbarrow
28:04 Town Watch
28:04 Loom
32:05 Imperial Age
29:51 Hand Cart
29:41 Heavy Plow
30:19 Stone Shaft Mining
30:19 Gold Shaft Mining
30:33 Scale Barding Armor
30:28 Padded Archer Armor
30:21 Fletching
31:02 Town Patrol
32:35 Kamandaran
31:58 Crossbowman
33:59 Chemistry
33:19 Ballistics
33:54 Thumb Ring
35:11 Conscription
打一下就投
5:52 Loom
14:14 Feudal Age
15:15 Gold Mining
15:30 Double-Bit Axe
16:11 Horse Collar
21:28 Castle Age
19:53 Fletching
28:27 Bodkin Arrow
28:59 Heavy Plow
949463290
10:12 Feudal Age
14:08 Horse Collar
14:18 Double-Bit Axe
19:25 Castle Age
18:03 Stone Mining
18:07 Gold Mining
20:48 Bow Saw
21:20 Heavy Plow
27:39 Husbandry
30:12 Wheelbarrow
33:35 Imperial Age
32:14 Bloodlines
32:43 Hand Cart
34:44 Gold Shaft Mining
35:07 Ballistics
Morias1stt
9:51 Loom
12:08 Feudal Age
15:22 Stone Mining
17:49 Castle Age
15:38 Double-Bit Axe
23:33 Gold Mining
25:37 Horse Collar
33:22 Imperial Age
31:22 Crossbowman
32:27 Kamandaran
33:17 Thumb Ring
33:57 Padded Archer Armor
33:48 Fletching
34:04 Scale Barding Armor
34:10 Forging
34:16 Bloodlines
34:33 Light Cavalry
Loteking
0:56 Loom
13:57 Feudal Age
15:00 Horse Collar
15:34 Double-Bit Axe
16:12 Bloodlines
17:31 Forging
18:10 Scale Barding Armor
24:51 Arson
28:28 Castle Age
26:36 Gold Mining
29:19 Husbandry
29:55 Squires
30:52 Iron Casting
30:22 Heavy Plow
30:49 Bow Saw
33:49 Wheelbarrow
34:20 Wheelbarrow
35:27 Hand Cart
34:59 Town Watch
hilsonyip
0:58 Loom
12:46 Feudal Age
17:13 Castle Age
17:09 Wheelbarrow
16:49 Horse Collar
18:25 Town Watch
22:09 Double-Bit Axe
23:35 Heavy Plow
31:10 Imperial Age
29:30 Hand Cart
29:19 Padded Archer Armor
30:17 Fletching
30:42 Leather Archer Armor
30:54 Bloodlines
30:45 Husbandry
30:06 Light Cavalry
31:12 Bow Saw
31:02 Bodkin Arrow
31:23 Gold Mining
31:29 Stone Mining
32:38 Bracer
33:41 Chemistry
33:32 Forging
33:28 Scale Barding Armor
33:47 Ballistics
33:50 Conscription
34:42 Elite Mangudai
人间王国
11:24 Feudal Age
17:18 Castle Age
18:53 Double-Bit Axe
19:07 Horse Collar
25:24 Gold Mining
25:49 Forging
25:42 Scale Mail Armor
30:56 Imperial Age
29:47 Iron Casting
30:16 Chain Mail Armor
30:48 Squires
31:10 Heavy Plow
31:27 Bow Saw
33:02 Blast Furnace
32:33 Plate Mail Armor
31:30 Elite Varangian Guard
32:55 Conscription
33:24 Crop Rotation
34:02 Chieftains
36:11 Gold Shaft Mining
Connection lost

Rejoining the realm…

Still unreachable

The connection could not be restored.

Session expired

The server has moved on; the page needs a fresh start.